 Dungeon Crawl Stone Soup version 0.26.0-10-g1f06aea511 (webtiles) character file.

Game seed: 8916985549161686083

4649 inc the Nimble (level 10, -2/72 HPs)
             Began as an Octopode Transmuter on Jan 28, 2021.
             Was a Believer of Cheibriados.
             Slain by a six-headed hydra (7 damage)
             ... on level 9 of the Dungeon.
             The game lasted 00:33:00 (11796 turns).

inc the Nimble (Octopode Transmuter)               Turns: 11796, Time: 00:33:00

Health: -2/72      AC:  5    Str: 20    XL:     10   Next: 43%
Magic:  14/14      EV: 20    Int: 21    God:    Cheibriados [**....]
Gold:   529        SH:  5    Dex: 19    Spells: 11/13 levels left

rFire    + . .     SeeInvis .   n - +10 dagger of the Ass {vorpal, Str+4}
rCold    . . .     Faith    .   (no shield)
rNeg     . . .     Spirit   .   (helmet restricted)
rPois    .         Reflect  +   w - amulet of reflection
rElec    .         Harm     .   m - ring of protection from cold
rCorr    .         Rampage  .   k - +4 ring of protection
Will     +....                  r - ring of fire
Stlth    +++.......             z - ring of willpower
HPRegen  0.22/turn              (no ring)
MPRegen  0.14/turn              (no ring)
                                (no ring)
                                (no ring)

@: very slow
A: almost no armour, stealthy swim, amphibious, 8 rings, constrict 8, camouflage
1, gelatinous body 1
a: Renounce Religion, Bend Time


You were on level 9 of the Dungeon.
You worshipped Cheibriados.
Cheibriados was pleased with you.
You visited 2 branches of the dungeon, and saw 10 of its levels.
You also visited: Ossuary.

You collected 529 gold pieces.

Inventory:

Hand Weapons
 n - the +10 dagger of the Ass (weapon) {vorpal, Str+4}
   (You found it on level 4 of the Dungeon)

   It inflicts extra damage upon your enemies.
   It affects your strength (+4).
 p - the +6 trident "Ocraossarusch" {vorpal, *Slow Will+ Int+6 Dex+3}
   (You found it on level 4 of the Dungeon)

   It inflicts extra damage upon your enemies.
   It affects your intelligence (+6).
   It affects your dexterity (+3).
   It affects your willpower, your defense against some magical effects.
   It may slow you when you take damage.
 q - the +1 falchion of Gozag's Favour {flame, +Blink rElec}
   (You found it on level 4 of the Dungeon)

   It has been specially enchanted to burn those struck by it, causing extra
   injury to most foes and up to half again as much damage against particularly
   susceptible opponents.
   Big, fiery blades are also staple armaments of hydra-hunters.
   It insulates you from electricity.
   It lets you blink.
Magical Staves
 o - an uncursed staff of earth
Jewellery
 k - a +4 ring of protection (right tentacle)
 m - a ring of protection from cold (left tentacle)
 r - a ring of fire (on tentacle)
 w - an amulet of reflection (around mantle)
 z - a ring of willpower (on tentacle)
 A - a cursed -4 ring of dexterity {unknown}
 C - an uncursed amulet of regeneration {unknown}
Wands
 d - a wand of iceblast (10)
Scrolls
 a - 2 scrolls of fear
 c - 3 scrolls of teleportation
 h - a scroll of blinking
 t - 2 scrolls of vulnerability
 v - 2 scrolls of random uselessness {unknown}
 x - 4 scrolls of identify
 y - a scroll of remove curse
 B - a scroll of noise {unknown}
 D - a scroll of amnesia
 E - a scroll of enchant weapon
Potions
 b - a potion of brilliance {unknown}
 e - 3 potions of mutation
 f - 3 potions of heal wounds
 g - a potion of haste {unknown}
 i - a potion of ambrosia
 j - 5 potions of curing
 l - 3 potions of cancellation
 s - 3 potions of berserk rage
 u - 2 potions of lignification


   Skills:
 - Level 7.9 Fighting
 - Level 9.0 Dodging
 + Level 6.7 Unarmed Combat
 - Level 2.0 Spellcasting
 - Level 5.1 Transmutations
 - Level 5.4 Invocations


You had 11 spell levels left.
You knew the following spells:

 Your Spells              Type           Power        Failure   Level
b - Wereblood             Tmut           23%          2%          2

Your spell library contained the following spells:

 Spells                   Type           Power        Failure   Level
 Beastly Appendage        Tmut           46%          1%          1
 Animate Skeleton         Necr           4%           14%         1
 Apportation              Tloc           4%           14%         1
 Corona                   Hex            2%           14%         1
 Summon Small Mammal      Summ           8%           14%         1
 Spider Form              Tmut/Pois      6%           16%         3
 Ensorcelled Hibernation  Hex/Ice        4%           22%         2
 Confusing Touch          Hex            2%           41%         3
 Dazzling Flash           Conj/Hex       4%           41%         3
 Tukima's Dance           Hex            2%           41%         3
 Ice Form                 Ice/Tmut       12%          45%         4
 Blade Hands              Tmut           11%          45%         5


Dungeon Overview and Level Annotations

Branches:
Dungeon (9/15)             Temple (1/1) D:5         Ossuary (visited)
   Lair: D:8-11         Orc: D:9-12

Altars:
Ashenzari
Cheibriados
Dithmenos
Elyvilon
Fedhas
Gozag
Hepliaklqana
Kikubaaqudgha
Makhleb
Nemelex Xobeh
Okawaru
Qazlal
Ru
Sif Muna
Trog
Uskayaw
Vehumet
Wu Jian
Xom
Yredelemnul
Zin
The Shining One

Annotations:
D:2 Sigmund


Innate Abilities, Weirdness & Mutations

You cannot wear most types of armour.
You are very stealthy in the water. (Stealth+)
You are amphibious.
You can wear up to eight rings at the same time.
You can use your tentacles to constrict eight enemies at once.
Your skin changes colour to match your surroundings (Stealth+).
Your rubbery body absorbs attacks. (AC +1, EV +1)


Message History

You puncture the wolf!
You kill the wolf!
Cheibriados thoroughly appreciates the change of pace.
You see here a wolf corpse.
A six-headed hydra comes into view.
You block the six-headed hydra's attack.
The six-headed hydra misses you. The six-headed hydra bites you!
The six-headed hydra bites you. The six-headed hydra bites you!
The six-headed hydra bites you. The six-headed hydra bites you! x2
* * * LOW HITPOINT WARNING * * *
The six-headed hydra bites you.
* * * LOW HITPOINT WARNING * * *
You block the six-headed hydra's attack.
The six-headed hydra bites you.
* * * LOW HITPOINT WARNING * * *
The six-headed hydra barely misses you.
A wolf comes into view.
The six-headed hydra completely misses you.
The six-headed hydra bites you!
You die...

h.....# ..# ......+ #..#
h....# #+####..# .....#
#...##..##+###+#....#
...............'....#
...............#....#
...............#D...#
...............#@...#
#..###..##.##'##†...####
#..###..##.##..#........
....#....'..÷..#........
....+....#.....#........
#..#######..##'#........
#..## ####..)..######
....# #.....# ....#
#.....#


You could see a six-headed hydra and a wolf (wandering).

Vanquished Creatures
  2 two-headed ogres
  A basilisk (D:9)
  The ghost of melvinkitnick the Gusty, an amateur KoAE (D:4)
  2 water moccasins
  Duvessa (D:5)
  An orc warrior (D:8)
  A phantom (D:8)
  A sky beast (D:8)
  3 ice beasts
  A wolf (D:9)
  3 ogres
  2 centaurs
  3 bullfrogs
  Dowan (D:5)
  5 scorpions
  4 wights (D:8)
  4 centaur zombies
  A quasit (D:7)
  A bullfrog skeleton (D:5)
  A jelly (D:7)
  2 hounds (D:7)
  4 orc wizards
  Crazy Yiuf (D:5)
  2 orc priests
  A centaur skeleton (D:4)
  3 iguanas
  6 worker ants
  A big kobold zombie (Ossuary)
  A hound zombie (D:8)
  2 mummies (Ossuary)
  Robin (D:2)
  4 gnolls
  A howler monkey skeleton (D:5)
  16 adders
  A shadow imp (D:7)
  3 white imps
  2 ufetubi
  4 adder zombies
  An adder skeleton (D:5)
  A worm (D:4)
  A dart slug (D:2)
  12 leopard geckos
  13 orcs
  7 giant cockroaches
  15 goblins
  12 hobgoblins
  2 jackals (D:3)
  4 quokkas
  2 ball pythons
  8 bats
  7 frilled lizards
  2 goblin zombies
  10 hobgoblin zombies (Ossuary)
  A jackal skeleton (D:5)
  A jackal zombie (Ossuary)
  10 kobolds
  11 kobold zombies (Ossuary)
  A leopard gecko zombie (D:7)
  5 orc zombies (Ossuary)
  2 quokka skeletons (D:6)
  3 quokka zombies
  7 rats
  2 rat zombies (Ossuary)
234 creatures vanquished.

Vanquished Creatures (others)
  2 fungi (D:9)
  13 plants (D:9)
15 creatures vanquished.

Grand Total: 249 creatures vanquished

Notes
Turn   | Place    | Note
-------+----------+-------------------------------------------
     0 | D:1      | inc the Octopode Transmuter began the quest for the Orb.
     0 | D:1      | Reached XP level 1. HP: 13/13 MP: 3/3
   215 | D:1      | Reached XP level 2. HP: 9/18 MP: 3/5
   617 | D:1      | Reached XP level 3. HP: 23/23 MP: 6/6
  1592 | D:2      | Reached XP level 4. HP: 10/28 MP: 7/7
  2332 | D:2      | Noticed Robin
  2347 | D:2      | Killed Robin
  2356 | D:2      | Reached skill level 5 in Transmutations
  2356 | D:2      | Reached XP level 5. HP: 8/33 MP: 8/8
  2606 | D:2      | Learned a level 2 spell: Wereblood
  2927 | D:2      | Noticed Sigmund
  3505 | D:3      | Found a faded altar of an unknown god.
  4128 | D:4      | Noticed an ogre
  4148 | D:4      | Killed an ogre
  4149 | D:4      | Reached skill level 3 in Dodging
  4149 | D:4      | Reached XP level 6. HP: 37/38 MP: 6/9
  4233 | D:4      | Got a crude dagger
  4266 | D:3      | Identified the +10 dagger of the Ass {vorpal, Str+4} (You
                  | found it on level 4 of the Dungeon)
  4625 | D:4      | Reached skill level 4 in Dodging
  4625 | D:4      | Reached XP level 7. HP: 43/43 MP: 10/10
  4674 | D:4      | Noticed a moth of wrath
  4677 | D:4      | Found a bloodstained altar of Trog.
  4699 | D:4      | Got a crystal trident
  4701 | D:4      | Got a fading falchion
  4705 | D:4      | Identified the +6 trident "Ocraossarusch" {vorpal, *Slow
                  | Will+ Int+6 Dex+3} (You found it on level 4 of the Dungeon)
  4706 | D:4      | Identified the cursed +1 falchion of Gozag's Favour {flame,
                  | +Blink rElec} (You found it on level 4 of the Dungeon)
  4890 | D:4      | Found a runed translucent door.
  4903 | D:4      | Noticed melvinkitnick's ghost (amateur KoAE)
  5242 | D:4      | Killed melvinkitnick's ghost
  5386 | D:5      | Entered Level 5 of the Dungeon
  5601 | D:5      | Reached skill level 5 in Dodging
  5625 | D:5      | Reached XP level 8. HP: 18/52 MP: 11/11
  5677 | D:5      | Noticed Dowan
  5837 | D:5      | Found a staircase to the Ecumenical Temple.
  5860 | D:5      | Found a sand-covered staircase.
  5867 | Ossuary  | Entered an ossuary
  6214 | Ossuary  | Reached skill level 6 in Dodging
  6382 | Temple   | Entered the Ecumenical Temple
  6523 | D:5      | Noticed Duvessa
  6532 | D:5      | Killed Duvessa
  6535 | D:5      | Killed Dowan
  6871 | Temple   | Became a worshipper of Cheibriados the Contemplative
  6986 | D:5      | Reached skill level 5 in Fighting
  7253 | D:5      | Found a runed translucent door.
  7254 | D:5      | Noticed Crazy Yiuf
  7480 | D:5      | Killed Crazy Yiuf
  7849 | D:6      | Reached skill level 7 in Dodging
  8268 | D:6      | Reached * piety under Cheibriados
  8390 | D:6      | Reached XP level 9. HP: 58/62 MP: 12/12
  9176 | D:7      | Found the +27 Lear's hauberk
  9338 | D:7      | Found a sacrificial altar of Ru.
  9453 | D:7      | Reached skill level 8 in Dodging
  9738 | D:7      | Reached ** piety under Cheibriados
  9973 | D:7      | Found an opulent altar of Gozag.
 10169 | D:8      | Noticed a two-headed ogre
 10174 | D:8      | HP: 2/64 [two-headed ogre/+0 giant spiked club (10)]
 10504 | D:8      | Found a stormy altar of Qazlal.
 10777 | D:8      | Reached skill level 9 in Dodging
 10876 | D:8      | Reached skill level 1 in Invocations
 10927 | D:8      | Found a stormy altar of Qazlal.
 10967 | D:8      | Found a hazy altar of Hepliaklqana.
 11173 | D:8      | Killed a two-headed ogre
 11174 | D:8      | Reached skill level 5 in Invocations
 11174 | D:8      | Reached XP level 10. HP: 58/72 MP: 12/14
 11465 | D:9      | Reached skill level 5 in Unarmed Combat
 11540 | D:9      | Noticed a two-headed ogre
 11570 | D:9      | Killed a two-headed ogre
 11792 | D:9      | Noticed a six-headed hydra
 11796 | D:9      | Slain by a six-headed hydra

Illustrated notes

Levels and vault maps discovered:
D:1:      lightli_arrival_flooded_house, layout_basic, minmay_tromino_v4_b
D:2:      layout_loops_cross, uniq_sigmund, uniq_robin
D:3:      layout_rooms, chequers_ecumenical_altar_grove
D:4:      minmay_evil_eye, layout_cave_pools, ebering_ghost_sewer_d, tgw_trog
D:5:      layout_basic, temple_fountains, enter_ossuary_4,
          minmay_misc_feat_secret_circle, hangedman_decor_points,
          kennysheep_cross_bottleneck, kennysheep_generic_room_4, uniq_duvessa,
          uniq_crazy_yiuf_cottage
D:6:      layout_gridville, chequers_decorated_corner
D:7:      minmay_bubble_buster, layout_rooms, lemuel_crystal_altar,
          lemuel_round_altar, minmay_strange_pillars
D:8:      layout_loops_cross, nzn_hepliaklqana_mist_gate, grunt_qazlal_clouds,
          kennysheep_flooded_box, minmay_misc_feat_more_columns
D:9:      layout_gridville, minmay_lair_entry_grove, kennysheep_generic_room_3
Temple:   hc_temple_tempest_star

Skill      XL: |  1  2  3  4  5  6  7  8  9 10 |
---------------+-------------------------------+-----
Transmutations | 3 4 5 |  5.1
Dodging        | 3 4 5 7 9 |  9.0
Unarmed Combat | 4 6 |  6.7
Fighting       | 3 5 7 |  7.9
Invocations    | 5 |  5.4
Spellcasting   | |  2.0

Action                   |  1- 3 |  4- 6 |  7- 9 | 10-12 || total
-------------------------+-------+-------+-------+-------++-------
Melee: Unarmed           |    63 |   136 |       |       ||   199
       Constrict         |    16 |    37 |    64 |     3 ||   120
       Tentacles         |     7 |    19 |    73 |     7 ||   106
       Kick              |     5 |    19 |       |       ||    24
       Punch             |       |     3 |     7 |     1 ||    11
       Dagger            |       |    16 |   305 |    27 ||   348
       Staff             |       |       |     4 |       ||     4
 Cast: Beastly Appendage |     6 |     9 |       |       ||    15
       Wereblood         |       |     5 |     5 |     1 ||    11
  Use: Scroll            |     2 |     5 |    12 |       ||    19
       Potion            |       |     1 |     2 |       ||     3
 Stab: Sleeping          |     8 |     2 |     8 |     1 ||    19
       Distracted        |       |       |     1 |       ||     1
Armor: Skin              |     7 |    22 |    38 |       ||    67
Dodge: Dodged            |    43 |    94 |   203 |    22 ||   362
Block: Other             |       |       |    18 |     6 ||    24
       Reflection        |       |       |     1 |       ||     1
